AoeStats
← 13645570128

Arena

509118835Analyzed
1v1 RM · 7d ago on Sep 25, 2026· 24m 40s· 2 players
Game mode
Random Map
Map size
Tiny (2 player)
Population
200
Speed
Normal
Resources
Standard
Victory
Conquest
Starting age
Dark Age
Ending age
Imperial Age
RankedLock teamsTeams togetherTeam positionsShared explorationLock speedFull tech treeHidden civsTurbo modeCheats
Victory
Defeat
🇫🇷 Turks · France
820
+16
🇭🇰 Mongols · Hong Kong SAR China
810
-42
13645570128
9:45 Feudal Age
12:23 Double-Bit Axe
18:03 Castle Age
16:07 Horse Collar
18:21 Gold Mining
19:11 Wheelbarrow
21:50 Heavy Plow
24:01 Gold Shaft Mining
Samarium
12:40 Feudal Age
16:54 Castle Age
21:08 Imperial Age
18:59 Double-Bit Axe
21:53 Horse Collar
Connection lost

Rejoining the realm…

Still unreachable

The connection could not be restored.

Session expired

The server has moved on; the page needs a fresh start.